 Dungeon Crawl Stone Soup version 0.22-a0-558-gc224181 (webtiles) character file.

4683 reaverb the Skirmisher (level 10, 0/69 HPs)
             Began as a Demonspawn Fire Elementalist on June 27, 2018.
             Was a Priest of Ru.
             Slain by a killer bee (8 damage)
             ... while paralysed
             ... on level 8 of the Dungeon.
             The game lasted 00:32:06 (12598 turns).

reaverb the Skirmisher (DsFE)                      Turns: 12598, Time: 00:32:06

Health: 0/69       AC:  4    Str:  9    XL:     10   Next: 21%
Magic:  10/15      EV:  2    Int: 20    God:    Ru [***...]
Gold:   284        SH:  0    Dex: 13    Spells: 3/15 levels left

rFire    + . .     SeeInvis .   d - +2 dagger (drain)
rCold    . . .     Gourm    .   (no shield)
rNeg     + . .     Faith    .   a - +0 robe
rPois    .         Spirit   .   (no helmet)
rElec    .         Reflect  .   (no cloak)
rCorr    .         Harm     .   (no gloves)
MR       .....                  (no boots)
Stlth    ++........             (no amulet)
HPRegen  0.21/turn              w - ring of positive energy
MPRegen  0.14/turn              o - ring of protection from fire

@: paralysed, lethally poisoned (0 -> -1), berserk cooldown, very slightly
contaminated, slowed, drained
A: talons 2, icy blue scales 1, demonic guardian 1, frail 1, missing an eye
a: Draw Out Power, Renounce Religion


You were on level 8 of the Dungeon.
You worshipped Ru.
Ru was most pleased with you.
You were hungry.

You visited 1 branch of the dungeon, and saw 9 of its levels.

You collected 284 gold pieces.

Notes
Turn   | Place    | Note
-------+----------+-------------------------------------------
     0 | D:1      | reaverb the Demonspawn Fire Elementalist began the quest for the Orb.
     0 | D:1      | Reached XP level 1. HP: 13/13 MP: 3/3
    76 | D:1      | Reached skill level 1 in Fighting
   225 | D:1      | Gained mutation: You are partially covered in icy blue scales. (AC +2) [demonic ancestry]
   225 | D:1      | Reached XP level 2. HP: 19/22 MP: 3/5
   774 | D:1      | Learned a level 2 spell: Throw Flame
   907 | D:1      | Reached XP level 3. HP: 24/28 MP: 4/6
  1170 | D:2      | Found a glowing silver altar of Zin.
  1170 | D:2      | Noticed an angel
  1728 | D:2      | Huge Dmg: 7 Dmg
  2183 | D:3      | Huge Dmg: 6 Dmg
  2194 | D:3      | Reached XP level 4. HP: 28/34 MP: 0/7
  2365 | D:3      | Huge Dmg: 5 Dmg
  2537 | D:3      | Learned a level 3 spell: Conjure Flame
  3056 | D:3      | Found a runed gate.
  3056 | D:3      | Found a runed gate.
  3056 | D:3      | Found a runed gate.
  3056 | D:3      | Noticed Whiskey's ghost (amateur DEAM)
  3162 | D:3      | Found a stormy altar of Qazlal.
  3164 | D:3      | Noticed a water elemental
  3167 | D:3      | Noticed an air elemental
  3167 | D:3      | Noticed an earth elemental
  3167 | D:3      | Noticed a fire elemental
  3649 | D:4      | Huge Dmg: 8 Dmg
  3652 | D:4      | Gained mutation: You have sharp toenails. [demonic ancestry]
  3652 | D:4      | Reached XP level 5. HP: 30/39 MP: 8/8
  3934 | D:4      | Found a sacrificial altar of Ru.
  3942 | D:4      | Became a worshipper of Ru the Awakened
  4156 | D:4      | Found Amatoreq's Antique Weapon Boutique.
  4672 | D:5      | Entered Level 5 of the Dungeon
  4672 | D:5      | Noticed an ogre
  4752 | D:5      | Killed an ogre
  4752 | D:5      | Gained mutation: A weak demonic guardian rushes to your aid. [demonic ancestry]
  4752 | D:5      | Reached XP level 6. HP: 46/46 MP: 1/9
  4949 | D:5      | Noticed Menkaure
  4952 | D:5      | Killed Menkaure
  5014 | D:5      | Found an opulent altar of Gozag.
  5149 | D:5      | Huge Dmg: 17 Dmg
  5160 | D:5      | Reached XP level 7. HP: 35/51 MP: 2/10
  5251 | D:5      | Noticed Eustachio
  5387 | D:5      | Killed Eustachio
  5387 | D:5      | Reached skill level 5 in Short Blades
  5446 | D:5      | Found an ornate altar of the Wu Jian Council.
  5557 | D:5      | Found a burning altar of Makhleb.
  5886 | D:5      | Found a staircase to the Ecumenical Temple.
  6161 | D:6      | Reached XP level 8. HP: 57/57 MP: 3/11
  6468 | D:6      | Gained mutation: You are missing an eye, making it more difficult to aim. [Ru sacrifice]
  6468 | D:6      | Reached * piety under Ru
  6516 | D:6      | Identified a book of Minor Magic
  6668 | D:6      | Huge Dmg: 17 Dmg
  6669 | D:6      | Huge Dmg: 20 Dmg
  6864 | D:5      | Learned a level 2 spell: Blink
  7104 | D:6      | Found an iron altar of Okawaru.
  7260 | D:6      | Noticed Blork the orc
  7312 | D:6      | Huge Dmg: 13 Dmg
  7327 | D:6      | Huge Dmg: 12 Dmg
  7346 | D:6      | Huge Dmg: 10 Dmg
  7374 | D:5      | Huge Dmg: 12 Dmg
  7527 | D:6      | Killed Blork the orc
  8621 | D:7      | Learned a level 4 spell: Sticky Flame
  8644 | D:7      | Found Umifia's Antique Weapon Shoppe.
  8723 | D:7      | Huge Dmg: 25 Dmg
  8966 | D:7      | Identified a book of Debilitation
  9080 | D:7      | Huge Dmg: 13 Dmg
  9081 | D:7      | Huge Dmg: 9 Dmg
  9417 | D:7      | Found a bloodstained altar of Trog.
  9464 | D:7      | Found a glowing golden altar of the Shining One.
  9495 | D:7      | Huge Dmg: 7 Dmg
  9496 | D:7      | Reached skill level 5 in Conjurations
  9496 | D:7      | Reached XP level 9. HP: 26/65 MP: 12/14
 10465 | D:7      | Found a shadowy altar of Dithmenos.
 10612 | D:8      | Reached skill level 5 in Fire Magic
 10722 | D:8      | Huge Dmg: 20 Dmg
 10979 | D:7      | Huge Dmg: 14 Dmg
 11132 | D:7      | Gained mutation: You are frail. (-10% HP) [Ru sacrifice]
 11132 | D:7      | Reached ** piety under Ru
 11132 | D:7      | Reached *** piety under Ru
 11200 | D:8      | Huge Dmg: 14 Dmg
 11206 | D:7      | Huge Dmg: 9 Dmg
 11257 | D:7      | Huge Dmg: 13 Dmg
 11257 | D:7      | Reached skill level 5 in Fighting
 11257 | D:7      | Reached skill level 5 in Dodging
 11509 | D:8      | Found a staircase to the Lair.
 11514 | D:8      | Huge Dmg: 13 Dmg
 11601 | D:8      | Noticed a rakshasa
 11605 | D:8      | Huge Dmg: 18 Dmg
 11609 | D:8      | Huge Dmg: 9 Dmg
 11609 | D:8      | Noticed a guardian serpent
 11610 | D:8      | Noticed an orb spider
 11610 | D:8      | a guardian serpent changed into an orb spider
 11615 | D:8      | Huge Dmg: 19 Dmg
 11621 | D:8      | Huge Dmg: 17 Dmg
 11632 | D:8      | Huge Dmg: 12 Dmg
 11996 | D:9      | Noticed a two-headed ogre
 12078 | D:7      | Huge Dmg: 17 Dmg
 12079 | D:7      | Killed a two-headed ogre
 12079 | D:7      | Gained mutation: You have razor-sharp toenails. [demonic ancestry]
 12079 | D:7      | Reached XP level 10. HP: 49/68 MP: 6/15
 12290 | D:8      | Noticed a death drake
 12322 | D:9      | Huge Dmg: 13 Dmg
 12564 | D:9      | Huge Dmg: 17 Dmg
 12570 | D:9      | Huge Dmg: 8 Dmg
 12574 | D:8      | Huge Dmg: 17 Dmg
 12598 | D:8      | Slain by a killer bee

Inventory:

Hand Weapons
 d - a +2 dagger of draining (weapon)
 u - a +1 dagger of speed
Missiles
 A - a throwing net (quivered)
Armour
 a - a +0 robe (worn)
Jewellery
 b - an uncursed ring of protection from magic
 o - a ring of protection from fire (right hand)
 w - a ring of positive energy (left hand)
Wands
 e - a wand of digging (20)
 h - a wand of enslavement (18)
Scrolls
 g - 6 scrolls of teleportation
 q - a scroll of magic mapping
 s - 2 scrolls of fear
 t - a scroll of enchant weapon
 v - 2 scrolls of remove curse
 x - a scroll of torment {unknown}
 y - a scroll of noise {unknown}
 z - a scroll of enchant armour {unknown}
 B - 2 scrolls of identify
Potions
 f - 2 potions of invisibility
 i - 2 potions of lignification {!q}
 j - a potion of degeneration {unknown}
 k - a potion of curing
 l - a potion of magic
 n - a potion of brilliance {unknown}
 p - a potion of heal wounds
 r - a potion of flight {unknown}
Comestibles
 c - 9 rations
 C - 3 chunks of flesh

Table legend:
 A = Turns spent in this place as a percentage of turns spent in the entire game.
 B = Non-inter-level travel turns spent in this place as a percentage of non-inter-level travel turns spent in the entire game.
 C = Inter-level travel turns spent in this place as a percentage of turns spent in this place.
 D = Turns resting spent in this place as a percentage of non-inter-level travel turns spent in this place.
 E = Turns spent auto-exploring this place as a percentage of non-inter-level travel turns spent in this place.
 F = Non-inter-level travel turns spent in this place divided by the number of levels of this place that you've seen.
                   A       B       C       D       E      F
               +-------+-------+-------+-------+-------+----------------------
         Total | 100.0 | 100.0 |   2.6 |  31.6 |  39.8 | 1363.8
       Dungeon | 100.0 | 100.0 |   2.6 |  31.6 |  39.8 | 1363.8
               +-------+-------+-------+-------+-------+----------------------


   Skills:
 + Level 6.8(6.5) Fighting
 - Level 6.5(6.3) Short Blades
 + Level 6.5(6.2) Dodging
 - Level 1.7(1.5) Stealth
 - Level 3.4(3.2) Spellcasting
 - Level 6.1(5.9) Conjurations
 - Level 5.5(5.3) Fire Magic


You had 3 spell levels left.
You knew the following spells:

 Your Spells              Type           Power        Failure   Level  Hunger
a - Flame Tongue          Conj/Fire      ####.        1%          1    None
b - Throw Flame           Conj/Fire      ####..       1%          2    ##.....
c - Conjure Flame         Conj/Fire      ####....     4%          3    ###....
d - Blink                 Tloc           N/A          22%         2    ##.....
e - Sticky Flame          Conj/Fire      ####....     14%         4    ####...

Your spell library contained the following spells:

 Spells                   Type           Power        Failure   Level  Hunger
 Cause Fear               Hex            #.........   80%         4    ####...
 Magic Dart               Conj           ####         1%          1    None
 Fireball                 Conj/Fire      ####......   36%         5    ######.
 Slow                     Hex            #.......     22%         2    ##.....
 Mephitic Cloud           Conj/Pois/Air  ##......     19%         3    ###....
 Call Imp                 Summ           #.......     22%         2    ##.....
 Corona                   Hex            #......      14%         1    None
 Portal Projectile        Hex/Tloc       #.....       38%         3    ###....
 Leda's Liquefaction      Hex/Erth       #.........   80%         4    ####...
 Inner Flame              Hex/Fire       ##......     14%         3    ###....


Dungeon Overview and Level Annotations

Branches:
Dungeon (9/15)             Temple (0/1) D:5            Lair (0/6) D:8
    Orc: D:9-12

Altars:
Dithmenos
Gozag
Makhleb
Okawaru
Qazlal
Ru
Trog
Wu Jian
Zin
The Shining One

Shops:
D:4 (   D:7 (

Annotations:
D:3 3 runed doors, Whiskey's ghost, amateur DEAM
D:6 !parked imp
D:7 exclusions: downstairs and upstairs
D:8 !Multiple_scary_monsters
D:9 exclusion: upstairs


Innate Abilities, Weirdness & Mutations

You have razor-sharp toenails.
You are partially covered in icy blue scales. (AC +2)
A weak demonic guardian rushes to your aid.
You are frail. (-10% HP)
You are missing an eye, making it more difficult to aim.


Message History

The killer bee stings your white imp but does no damage.
The killer bee closely misses your shadow imp.
Your white imp misses the killer bee.
You feel better. The killer bee stings your white imp.
The killer bee completely misses your white imp.
The killer bee stings your shadow imp but does no damage.
The killer bee stings your white imp. The killer bee stings your shadow imp.
The killer bee stings your white imp.
Your shadow imp misses the killer bee.
Your white imp gestures at the killer bee.
The puff of frost misses the killer bee.
A red film seems to cover your vision as you go berserk!
You feel yourself moving faster!
You feel mighty! The killer bee stings your white imp.
Your white imp dies!
The killer bee completely misses your shadow imp.
You feel a strong urge to attack something.
The killer bee barely misses your shadow imp.
The killer bee stings your shadow imp.
Your shadow imp dies!
You barely miss the killer bee.
The killer bee is lightly wounded.
The killer bee closely misses you.
You barely miss the killer bee. Your kick misses the killer bee.
The killer bee is lightly wounded.
The killer bee stings you but does no damage.
You miss the killer bee. You claw the killer bee.
The killer bee is lightly wounded.
The killer bee misses you. The killer bee stings you!
You are poisoned.
The killer bee poisons you!
The killer bee is stunned by your will and fails to attack.
Damage: -8%(-8hp) hp: 53%(54hp)
You hit the killer bee. You drain the killer bee!
Your kick misses the killer bee.
The killer bee is severely wounded.
You feel sick. The killer bee completely misses you.
The killer bee closely misses you.
Damage: -1%(-1hp) hp: 52%(53hp)
You miss the killer bee. Your kick misses the killer bee.
The killer bee is severely wounded.
The killer bee stings you.
* * * LOW HITPOINT WARNING * * *
The killer bee closely misses you.
You closely miss the killer bee.
The killer bee is severely wounded.
The killer bee stings you.
* * * LOW HITPOINT WARNING * * *
The killer bee misses you.
You redirect the killer bee's attack!
The killer bee closely misses itself.
Damage: -5%(-5hp) hp: 47%(48hp)
You puncture the killer bee!
You kill the killer bee!
You feel sick. The killer bee misses you.
The killer bee stings you but does no damage.
Damage: -1%(-1hp) hp: 46%(47hp)
You barely miss the killer bee. Your kick misses the killer bee.
The killer bee is lightly wounded.
The killer bee misses you. The killer bee barely misses you.
You miss the killer bee.
The killer bee is lightly wounded.
You feel less exhausted. The killer bee misses you.
The killer bee closely misses you.
You puncture the killer bee! Your kick misses the killer bee.
The killer bee is heavily wounded.
You feel sick. The killer bee completely misses you.
The killer bee barely misses you.
Damage: -1%(-1hp) hp: 45%(46hp)
You hit the killer bee. You drain the killer bee!
You kill the killer bee!
The killer bee misses you. The killer bee stings you.
* * * LOW HITPOINT WARNING * * *
The killer bee barely misses you.
You see here a killer bee corpse.
Damage: -1%(-1hp) hp: 44%(45hp)
You barely miss the killer bee. Your kick misses the killer bee.
Unknown command.
You barely miss the killer bee. Your kick misses the killer bee.
You feel sick. The killer bee barely misses you.
Damage: -1%(-1hp) hp: 44%(45hp)
You hit the killer bee. You claw the killer bee.
The killer bee is severely wounded.
The killer bee closely misses you.
You miss the killer bee. Your kick misses the killer bee.
The killer bee is severely wounded.
You are no longer berserk.
You pass out from exhaustion.
You feel yourself slow down.
The killer bee stings you but does no damage.
The killer bee stings you.
* * * LOW HITPOINT WARNING * * *
The killer bee stings you!
* * * LOW HITPOINT WARNING * * *
You feel sick. The killer bee stings you!
* * * LOW HITPOINT WARNING * * *
The killer bee completely misses you.
The killer bee stings you but does no damage. x2
You feel sick. The killer bee stings you!
You die...

#.. $## #..# #. #
..##..#.. .....#.
. ..... .. ...#
#..# #..# #.y#
#@†# #.5# #..#
#.>#######
#.........
########..#######
................
#####.#...######
.. #...#


You could see a killer bee and a friendly quasit.

Table legend:
 A = Kills in this place as a percentage of kills in entire the game.
 B = Kills by you in this place as a percentage of kills by you in the entire game.
 C = Kills by friends in this place as a percentage of kills by friends in the entire game.
 D = Other kills in this place as a percentage of other kills in the entire game.
 E = Experience gained in this place as a percentage of experience gained in the entire game.
 F = Experience gained in this place divided by the number of levels of this place that you have seen.
                   A       B       C       D       E      F
               +-------+-------+-------+-------+-------+----------------------
         Total | 100.0 | 100.0 | 100.0 |   N/A | 100.0 | 743.3
       Dungeon | 100.0 | 100.0 | 100.0 |   N/A | 100.0 | 743.3
               +-------+-------+-------+-------+-------+----------------------

Vanquished Creatures
  A two-headed ogre (D:7)
  A troll (D:9)
  A basilisk (D:8)
  3 yaks
  Eustachio (D:5)
  A hungry ghost (D:7)
  Menkaure (D:5)
  A porcupine (D:8)
  2 orc warriors
  An ice beast (D:5)
  A sky beast (D:8)
  2 phantoms
  4 ogres
  2 crocodiles
  2 centaurs (D:7)
  Blork the orc (D:6)
  3 bullfrogs
  A wyvern zombie (D:6)
  A water moccasin zombie (D:6)
  2 scorpions (D:7)
  8 killer bees
  3 crimson imps
  4 hounds
  A quasit (D:6)
  A centaur zombie (D:6)
  3 iron imps (D:5)
  A jelly (D:6)
  4 iguanas
  4 worker ants
  A howler monkey skeleton (D:6)
  8 adders
  5 shadow imps
  3 adder skeletons
  2 worms
  5 dart slugs
  2 leopard geckos
  23 orcs
  6 ball pythons
  7 giant cockroaches
  9 goblins
  5 hobgoblins
  2 jackals (D:4)
  11 kobolds
  6 quokkas
  11 bats
  8 frilled lizards
  A quokka skeleton (D:9)
  9 rats
185 creatures vanquished.

Vanquished Creatures (collateral kills)
  A wyvern (D:7)
  A yak (D:7)
  A howler monkey (D:6)
  An orc wizard (D:6)
  An adder (D:7)
  An orc (D:6)
6 creatures vanquished.

Vanquished Creatures (others)
  A fungus (D:8)
  3 plants (D:8)
4 creatures vanquished.

Grand Total: 195 creatures vanquished

Action                   |  1- 3 |  4- 6 |  7- 9 | 10-12 || total
-------------------------+-------+-------+-------+-------++-------
Melee: Unarmed           |    12 |       |       |       ||    12
       Dagger            |    93 |   139 |   702 |    77 ||  1011
       Kick              |       |    11 |    67 |    11 ||    89
 Cast: Flame Tongue      |    46 |    55 |   138 |       ||   239
       Throw Flame       |     4 |    10 |    33 |     1 ||    48
       Conjure Flame     |       |     1 |     4 |       ||     5
       Blink             |       |       |     6 |     1 ||     7
       Sticky Flame      |       |       |     5 |     6 ||    11
Invok: Sacrifice an Eye  |       |       |     1 |       ||     1
       Draw Out Power    |       |       |     1 |     1 ||     2
       Sacrifice Health  |       |       |     1 |       ||     1
Evoke: Wand              |       |       |     1 |       ||     1
  Use: Scroll            |     4 |     2 |     7 |       ||    13
       Potion            |       |       |     3 |     3 ||     6
 Stab: Distracted        |       |       |     3 |       ||     3
       Invisible         |       |       |       |     1 ||     1
  Eat: Chunk             |     5 |    11 |    14 |     3 ||    33
       Ration            |       |       |     4 |       ||     4
Armor: Robe              |    20 |    22 |   108 |    15 ||   165
Dodge: Dodged            |    77 |    73 |   368 |    69 ||   587
